Cogmind - Beta 14 @@@ ROGUE MODE // 2024.12.24 @ 09:40:48 Player: Atyone Result: Self-destructed Performance ------------- Evolutions (1) 500 Regions Visited (2) 400 Robots Destroyed (40) 200 Value Destroyed (948) 948 Prototype IDs (2) 40 Alien Tech Used (0) 0 Bonus (41) 41 TOTAL SCORE: 2129 Bonus ------- High Alert Combat Kills 41 Cogmind --------- Core Integrity 134/400 Matter 177/300 Energy 125/125 System Corruption 1% Temperature Cool (0) Movement Walking (190) Ox1 Location -9/Materials Parts ------- > --- POWER (2) -------- Light Ion Engine > --- PROPULSION (2) --- Aluminum Leg > --- UTILITY (3) ------ Small Storage Unit Improved Targeting Computer Hardened Light Armor Plating > --- WEAPON (2) ------- Light Cannon > --- INVENTORY (8) ---- Aluminum Leg Aluminum Leg Aluminum Leg Medium Laser Beam Rifle Light Cannon Light Cannon Peak State ------------ > --- POWER ------------ Improved Ion Engine Light Nuclear Core > --- PROPULSION ------- Light Treads Light Treads > --- UTILITY ---------- Small Storage Unit Sensor Array Medium Armor Plating > --- WEAPON ----------- Improved Assault Rifle Improved Assault Rifle > --- INVENTORY -------- Aluminum Leg Aluminum Leg Aluminum Leg Aluminum Leg Improved EM Shotgun Improved EM Shotgun Assault Rifle [Rating: 18] Favorites ----------- Power Light Ion Engine Engine Light Ion Engine Power Core Light Nuclear Core Propulsion Aluminum Leg Treads Light Treads Leg Aluminum Leg Utility Small Storage Unit Device Seismic Detector Storage Small Storage Unit Processor Improved Targeting Computer Protection Hardened Light Armor Plating Weapon Assault Rifle Energy Gun Medium Laser Ballistic Gun Assault Rifle Ballistic Cannon Light Cannon Launcher Grenade Launcher Build | -11 -10 -9 ------- Run | Yrd Mat Mat Slots Evolved 2 | . . 2 Power 1 | . . 1 Propulsion . | . . . Utility 1 | . . 1 Weapon . | . . . Parts Attached 51 | 6 14 31 Power 10 | 1 2 7 Engine 8 | 1 1 6 Core 2 | . 1 1 Reactor . | . . . Propulsion 15 | 2 6 7 Treads 2 | . . 2 Leg 13 | 2 6 5 Wheel . | . . . Hover . | . . . Flight . | . . . Utility 7 | 1 2 4 Device 3 | . 2 1 Storage 1 | 1 . . Processor 1 | . . 1 Hackware . | . . . Protection 2 | . . 2 Artifact . | . . . Weapon 19 | 2 4 13 Energy Gun 7 | 1 1 5 Energy Cannon . | . . . Ballistic Gun 8 | 1 2 5 Ballistic Cannon 3 | . . 3 Launcher 1 | . 1 . Special Weapon . | . . . Impact Weapon . | . . . Slashing Weapon . | . . . Piercing Weapon . | . . . Special Melee Weapon . | . . . Unidentified Prototypes 2 | . . 2 Parts Lost 7 | . . 7 Power 2 | . . 2 Propulsion 1 | . . 1 Utility 2 | . . 2 Weapon 2 | . . 2 Highest Loss Streak 3 | . . 3 To Critical Strikes . | . . . Average Slot Usage (%) 93 | . 99 85 Engine 8 | . 6 10 Core 4 | . 7 . Leg 24 | . 28 19 Device 9 | . 13 4 Storage 12 | . 14 11 Processor 2 | . . 6 Protection 4 | . . 9 Energy Gun 7 | . 10 4 Ballistic Gun 13 | . 16 9 Ballistic Cannon 3 | . . 7 Peak Build Rating 18 | 6 9 18 Average Rating 9 | 3 8 11 On Entrance 4 | . 6 8 Naked Turns . | . . . Heaviest Build 31 | 14 15 31 Greatest Support 40 | 20 20 40 Greatest Overweight (x) 1 | . . 1 Average Overweight (x) . | . . . Largest Inventory Capacity 8 | 8 8 8 Average Capacity 7 | 6 8 8 Most Carried 8 | 8 8 8 Average Carried 6 | 4 7 6 Final Capacity 8 | 8 8 8 Final Carried 8 | 6 8 7 Class Distribution -------------------- 92% | Mutant 7% | Scavenger-Mutant Dominant Class ---------------- Mutant | -10/Materials Mutant | -9/Materials Resources | -11 -10 -9 ----------- Run | Yrd Mat Mat Matter Collected 1028 | 159 307 562 Remotely . | . . . Salvage Created 979 | . 296 683 Parts 79 | . 28 51 Haulers Intercepted . | . . . Recyclers Shooed . | . . . Parts Field Recycled . | . . . Retrieved Matter . | . . . Parts Self-Destructed . | . . . Prevented . | . . . Kills | -11 -10 -9 ------- Run | Yrd Mat Mat Combat Hostiles Destroyed 34 | . 10 24 Guns 24 | . 9 15 Cannons 5 | . . 5 AOE 5 | . 1 4 Classes Destroyed 5 | . 3 2 Operator 1 | . . 1 Watcher 5 | . 2 3 Swarmer 19 | . 6 13 Grunt 9 | . 4 5 Sentry 6 | . . 6 Best Kill Streak 7 | . 3 7 Combat Bots Only 6 | . 3 6 Max Kills in Single Turn 4 | . 1 4 Gunslinging 1 | . . 1 Exploded 4 | . 1 4 Melee . | . . . Uniques/NPCs Destroyed . | . . . Combat | -11 -10 -9 -------- Run | Yrd Mat Mat Hostile Shots Fired 259 | . 52 207 Missed 86 | . 16 70 Damage Taken 2131 | . 338 1793 Core 304 | . 38 266 Absorbed by Shields . | . . . Regen/Repaired (Parts) 62 | . 35 27 Core Remaining (%) 92 | 100 84 . Volleys Fired 97 | . 35 62 Largest 2 | . 2 2 Hottest 91 | . 70 91 Shots Fired 190 | . 66 124 Gun 140 | . 66 74 Cannon 49 | . . 49 Launcher 1 | . . 1 Special . | . . . Kinetic 136 | . 38 98 Thermal 49 | . 28 21 Explosive 1 | . . 1 Electromagnetic 4 | . . 4 Robot Hit Streak 11 | . 10 11 Robot Miss Streak 5 | . 5 3 Penetration Max . | . . . Secondary Targets 4 | . 2 2 Max Gunslinging Chain 1 | . 1 1 Shots Hit Robots 118 | . 38 80 Core Hits 51 | . 17 34 Critical Kills . | . . . Critical Parts Destroyed . | . . . Critical Strikes 5 | . 2 3 Burn 2 | . 2 . Blast 3 | . . 3 Melee Attacks . | . . . Impact . | . . . Slashing . | . . . Piercing . | . . . Sneak Attacks . | . . . Combat Hostiles . | . . . Follow-up Attacks . | . . . Damage Inflicted 2173 | . 519 1654 Guns 1277 | . 483 794 Cannons 453 | . . 453 Explosions 443 | . 36 407 Melee . | . . . Ramming . | . . . Kinetic 1227 | . 246 981 Thermal 447 | . 237 210 Explosive 407 | . . 407 Electromagnetic 92 | . 36 56 Impact . | . . . Slashing . | . . . Piercing . | . . . Highest Corruption 1 | . . 1 Average Corruption 1 | . . 1 Corruption Purged . | . . . Corruption Blocked . | . . . Effects 1 | . . 1 Parts Rejected 1 | . . 1 Overload Shots . | . . . Overflow Damage 157 | . . 157 Projectiles . | . . . Explosions 157 | . . 157 Melee . | . . . Knockbacks . | . . . Impact . | . . . Kinetic . | . . . Secondary . | . . . Self-Inflicted Damage 234 | . . 234 Shots 4 | . . 4 Rammed . | . . . Targets Rammed . | . . . Kicked . | . . . Crushed . | . . . Highest Temperature 216 | . 195 216 Average Temperature 57 | . 55 58 Received Heat Transfer 579 | . 120 459 Effects 1 | . . 1 Energy Bleed 1 | . . 1 Siege Activations . | . . . Robots Corrupted . | . . . Combat Hostiles . | . . . Parts Fried . | . . . Impact Corruptions . | . . . Robots Melted . | . . . Combat Hostiles . | . . . Parts Melted 1 | . . 1 Heat Transferred 1369 | . 851 518 Parts Sabotaged . | . . . Parts Stolen . | . . . Parts Stripped . | . . . Power Chain Reactions 1 | . 1 . Alert | -11 -10 -9 ------- Run | Yrd Mat Mat Peak Influence 451 | . 228 451 Initial 9 | . . 9 Average 118 | . 56 195 Maximum Alert Level 2 | . 1 2 Low Security (%) 78 | 100 90 63 Level 1 13 | . 9 20 Level 2 7 | . . 15 Level 3 . | . . . Level 4 . | . . . Level 5 . | . . . High Security . | . . . Max Security . | . . . Squads Dispatched 2 | . 2 . Investigation 1 | . 1 . Extermination . | . . . Reinforcement 1 | . 1 . Assault . | . . . Garrison . | . . . Intercept . | . . . Searches Triggered . | . . . Construction Impeded . | . . . Haulers Reinforced . | . . . Active Scanning Responses . | . . . Cargo Convoy Interrupts . | . . . Stealth | -11 -10 -9 --------- Run | Yrd Mat Mat Distress Signals 3 | . 1 2 Communications Jammed . | . . . Distress Signals . | . . . Times Spotted 54 | . 19 35 Peak Tracking Total 11 | . 4 11 Tactical Retreats 3 | . . 3 Traps | -11 -10 -9 ------- Run | Yrd Mat Mat Traps Triggered 1 | . 1 . Indirectly . | . . . Trap Hack Attempts . | . . . Triggered . | . . . Disarmed . | . . . Reprogrammed . | . . . Reused . | . . . Traps Extracted . | . . . Installed . | . . . Triggered . | . . . Machines | -11 -10 -9 ---------- Run | Yrd Mat Mat Machines Disabled 6 | . 2 4 Max in Single Turn 2 | . 2 2 Machines Repaired . | . . . Machines Dismantled . | . . . Machines Sabotaged . | . . . Overloaded Fab Kills . | . . . Hacking | -11 -10 -9 --------- Run | Yrd Mat Mat Machines Accessed 10 | . 6 4 Terminals 5 | . 4 1 Fabricators . | . . . Repair Stations 3 | . 1 2 Recycling Units 1 | . 1 . Scanalyzers 1 | . . 1 Garrison Access . | . . . Total Hacks 20 | . 12 8 Successful 16 | . 9 7 Failed 4 | . 3 1 Catastrophic . | . . . Database Lockouts . | . . . Manual . | . . . Terminals 9 | . 7 2 Fabricators . | . . . Repair Stations 8 | . 4 4 Recycling Units 1 | . 1 . Scanalyzers 2 | . . 2 Garrison Access . | . . . Terminal Hacks 7 | . 6 1 Record 1 | . 1 . Emergency Access Points 1 | . 1 . Alert Level 2 | . 1 1 Locate Traps 1 | . 1 . Dispatch Records 1 | . 1 . Maintenance Status 1 | . 1 . Fabricator Hacks . | . . . Repair Station Hacks 6 | . 2 4 Scan Component 3 | . 1 2 Repair 3 | . 1 2 Recycling Unit Hacks 1 | . 1 . Report Inventory 1 | . 1 . Scanalyzer 2 | . . 2 Insert Component 1 | . . 1 Analyze 1 | . . 1 Garrison Access Hacks . | . . . Unauthorized Hacks . | . . . Terminals . | . . . Fabricators . | . . . Repair Stations . | . . . Recycling Units . | . . . Scanalyzers . | . . . Garrison Access . | . . . Data Cores Recovered . | . . . Used . | . . . Hacking Detections 7 | . 5 2 Full Trace Events . | . . . Feedback Events . | . . . Feedback Blocked . | . . . Robot Schematics Acquired . | . . . Robots Built . | . . . Authchips . | . . . Time . | . . . Total Robot Build Rating . | . . . Part Schematics Acquired 1 | . . 1 Parts Built . | . . . Authchips . | . . . Time . | . . . Total Part Build Rating . | . . . Parts Repaired 2 | . 1 1 Time 103 | . 26 77 Parts Recycled . | . . . Recycled Matter . | . . . Retrieved Matter . | . . . Retrieved Components . | . . . Parts Scanalyzed 1 | . . 1 Part Schematics Acquired 1 | . . 1 Parts Damaged . | . . . Bothacking | -11 -10 -9 ------------ Run | Yrd Mat Mat Used RIF Installer . | . . . Robots Hacked . | . . . Non-combat . | . . . Combat . | . . . Robot Hacks Applied . | . . . Relay Couplers Released . | . . . Fabnet Peak Effective % . | . . . Robots Rewired . | . . . Allies Hacked . | . . . Hacks Repelled . | . . . Allies | -11 -10 -9 -------- Run | Yrd Mat Mat Total Allies . | . . . Largest Group . | . . . Highest-Rated Group . | . . . Highest-Rated Ally . | . . . Total Orders . | . . . Ally Attacks . | . . . Total Damage . | . . . Kills . | . . . Allies Corrupted . | . . . Allies Melted . | . . . Intel | -11 -10 -9 ------- Run | Yrd Mat Mat Robot Analysis Total . | . . . Derelict Logs Recovered . | . . . Drone Launches . | . . . Drone Recoveries . | . . . Exploration | -11 -10 -9 ------------- Run | Yrd Mat Mat Turns Passed 2151 | 61 1108 982 Spaces Moved 1300 | 45 781 474 Core 15 | 15 . . Treads 11 | . . 11 Legs 1274 | 30 781 463 Wheels . | . . . Hover . | . . . Flight . | . . . Fastest Speed 50 | 50 120 120 Average Speed 124 | 96 120 134 Slowest Speed 190 | 120 120 190 Overloaded Moves . | . . . Propulsion Burnouts . | . . . Robots Hopped . | . . . Cave-ins Triggered . | . . . Exploration Rate (%) 52 | 3 96 59 Regions Visited 2 Branch Regions . Pre-discovered Areas . | . . . Known Exits Taken . | . . . Unknown Exits Taken 2 | 1 1 . Scrap Searched . | . . . Spaces Dug . | . . . Terrain Destroyed 57 | . 3 54 Melee . | . . . Projectile . | . . . AOE 57 | . 3 54 Terrain Rammed . | . . . Walls Destroyed . | . . . Machines Disabled . | . . . Actions | -11 -10 -9 --------- Run | Yrd Mat Mat Total 1638 | 62 887 689 Wait 111 | . 31 80 Move 1298 | 44 780 474 Hop . | . . . Pick Up 50 | 12 15 23 Fast Attach 2 | . . 2 Attach 17 | 6 2 9 Detach 1 | . . 1 Swap 33 | . 12 21 Drop 29 | . 12 17 Fire 97 | . 35 62 Melee . | . . . Ram . | . . . Kick . | . . . Crush . | . . . Escape Stasis . | . . . Rewire . | . . . Trap . | . . . Miscellaneous . | . . . Route ------- -11/Scrapyard -10/Materials (discovered 4 exits: *Mat x3 / [*Min]) -9/Materials (discovered 4 exits: [*Mat x2] / [*Min x2]) History --------- Turn | Location | Event 9 | -11/Scrapyard | Discovered new exit (range 14) 62 | -11/Scrapyard | Entered Materials 141 | -10/Materials | Discovered new exit (range 16) 322 | -10/Materials | Build established: Mutant 620 | -10/Materials | Repaired Aluminum Leg 800 | -10/Materials | Discovered new exit (range 16) 923 | -10/Materials | Discovered new exit (range 4) 1080 | -10/Materials | Discovered new exit (range 6) 1170 | -10/Materials | Entered another Materials area 1170 | -9/Materials | Evolved 2 slots: Power x1, Utility x1 1225 | -9/Materials | Discovered new exit (range 16) 1398 | -9/Materials | Discovered new exit (range 8) 1492 | -9/Materials | Lost 3 parts (1p2u) 1897 | -9/Materials | Discovered new exit (range 10) 1945 | -9/Materials | Core integrity fell below 50% 1954 | -9/Materials | Discovered new exit (range 16) 2060 | -9/Materials | Repaired Lgt. Ion Engine 2152 | -9/Materials | Self-destructed Last Messages --------------- Time: 26 >>Repair Repairing Lgt. Ion Engine... ETC: 26 Repair station completes Lgt. Ion Engine repairs. Acquired Lgt. Ion Engine. Acquired Hvy. EM Pulse Gun. G-34 Mercenary destroyed. U-05 Engineer builds a Door. Y-45 Defender destroyed. R-06 Scavenger collects Heat Sink. Imp. Aluminum Leg destroyed. R-06 Scavenger collects Aluminum Leg. K-01 Serf collects debris. U-05 Engineer works on Processing Tank. K-01 Serf collects debris. U-05 Engineer works on Processing Tank. K-01 Serf collects debris. System corrupted: Hvy. EM Pulse Gun rejected. U-05 Engineer works on Processing Tank. Map ----- +----------------------------------------------------+ | ????## ????????????# = #??????# | | ???## ##+#""""##### ##??????????????#[%%#??????# | | ???# " #????????????????????#%!$#??????# | | ???# #????????????????????#!%%#??????# | | #### ] #????????????????????# = #??????# | | #???????????????????# #??????# | | " ##???????????????????# #??????### | | # #????????????????????? #????????? | | # ##????????????????????? ?????????? | | # " ???????????????????? ?????????? | | # ""###??????? ???????????????????????? | | ##"""""""" #????????? ???????????????????????? | | ####### ####????????? ???????????????????????? | | #?????# #???????????? ??????????????????? ???? | | #?????# #???????????? ?????????????????? ?? | | #?????# #???????????? ????????????????? #? | | ###+####### ###?????????? ????????????????? < #? | | #?????????#k#???????????????? #? | | +?????????# ########????????? #? | | #?????????# # #?????????" ?? | | #### ########?????????# # """ #?????????# #?? | | ???# #????????????????# # """ #?????????# #?? | | ???# #????????????????# # """ #?????????# #?? | | ???# +????????????????# # #?????????# #?? | | ???# #?????????######## # #????????## ##? | | ???# #?????????# @####"####+####### ## | | ???# #?????????# | | ???# #?????????# u T | | ???# #?????????# < | | ???# #?????????# << #####+## ## | | ???# #?????????## << [ [#= %= ##### # | | ???# #??????????# =a """ #???# # | | ???? ???????????# k r #####* """%#???# # | | ??????????????????# Y #???# """ #???# # | | ??????????????????# #######Y###### #???# # | | ?????????????????# ???# ## =#???# # | | ?????????????????# ???# #########???# ## | | ?????????????????# a ????# """#????????# | | ?????????????????# ????# R"#????????# | | ?????????????????# ?????# """#????????# | | ?????????????????##??????# ####????????# | | ?????????????????????????# #???????????# | | ?????????????????????????# #???????????# | | ?????????????????????????# #?????####### | | ?????????????????????????#/########?????# # | | ?????????????????????????# #????????????# | | ?????????????????????????# #????????????# ! | | ??????????????????# ####%#????????????# ! | | ??????????? %#????????????# #### | | ??????????? %+ ???????????## ####? | +----------------------------------------------------+ Best States ------------- Heat Dissipation 42 Energy Generation 21 Energy Capacity 325 Matter Stores 289 Matter Capacity 300 Sight Range 16 Robot Scan Range 14 Terrain Scan Density 10 Armor Coverage 225 Evasion (%) 55 Targeting Accuracy 6 Recoil Reduction 2 Item Schematics ----------------- Lgt. Cannon | -9/Materials | Scanalyzed Robot Schematics ------------------ None Fabricated ------------ Nothing Alien Tech Used ----------------- None Achievements -------------- Novice Programmer Challenges ------------ None Game ------ Seed HardcellPointExoskeleton Manual? 0 Play Time 00:52:20 Cumulative 22.7 hours Start 2024.10.16 @ 16:31:40 End 2024.12.24 @ 09:40:48 Sessions 5 Manual Loads 0 Difficulty Rogue Special Mode None Game No. 12 Rogue 12 Adventurer 0 Explorer 0 Win Type - Total 0 Types 0/0/0/0/0/0/0/0/0 Lore% 7 Gallery% 20 Achievement% 16 Wizard Run 0 Options --------- Layout 0 ASCII 0 Keyboard 0 Movement Mouse Keybinds 0 Fullscreen 1 Font 18/SmallcapsGlow Map View 76x50 Zoom Use 0% Tactical HUD 0 Map Filters NONE Filters NONE Steam 1 RUN: d8c2efb3-e14d-4470-8273-47485041310f